 Dungeon Sprint DCSS version 0.26-a0-1101-g8f9f7f7418 (webtiles) character file.

Game seed: 5167763975852681525

9000000 Adamkad1 the Axe Maniac (level 27, 0/270 (292) HPs)
             Began as a Palentonga Gladiator on Dec 15, 2020.
             Was the Champion of Makhleb.
             Killed from afar by a dread (32 damage)
             ... with damnation
             ... in the Dungeon (Sprint VIII: "Arena of Blood").
             The game lasted 00:03:06 (90 turns).

Adamkad1 the Axe Maniac (Palentonga Gladiator)        Turns: 90, Time: 00:03:07

HP:   0/270 (292)   AC: 17    Str: 19    XL:     27
MP:   37/54         EV: 32    Int: 11    God:    Makhleb [******]
Gold: 0             SH:  0    Dex: 21    Spells: 80/80 levels left

rFire    . . .     SeeInvis +   k - +∞ Axe of Woe
rCold    . . .     Faith    .   (shield currently unavailable)
rNeg     . . .     Spirit   .   b - +0 leather armour
rPois    .         Reflect  .   c - +0 helmet
rElec    .         Harm     .   (no cloak)
rCorr    .         Rampage  .   (no gloves)
Will     ++...     NoTele   +   (no barding)
Stlth    ++++++++++             (no amulet)
HPRegen  0.55/turn              (no ring)
MPRegen  0.34/turn              (no ring)

@: marked, drained, curled up
A: large, rugged brown scales 3, see invisible, deformed body, roll 1, armoured
tail, reflexive curl
a: Rolling Charge, Minor Destruction, Lesser Servant of Makhleb, Major
Destruction, Greater Servant of Makhleb, Renounce Religion


You were in the Dungeon.
You worshipped Makhleb.
Makhleb was exalted by your worship.
You visited 1 branch

Inventory:

Hand Weapons
 a - a +0 war axe
 k - the +∞ Axe of Woe (weapon)
   (You found it in the Dungeon)
Missiles
 d - 3 throwing nets (quivered)
Armour
 b - a +0 leather armour (worn)
 c - a +0 helmet (worn)
Scrolls
 j - a scroll of blinking
Potions
 e - a potion of curing
 f - a potion of heal wounds
 g - a potion of haste
 h - 2 potions of magic
 i - a potion of berserk rage


   Skills:
 O Level 27 Fighting
 O Level 27 Short Blades
 O Level 27 Long Blades
 O Level 27 Axes
 O Level 27 Maces & Flails
 O Level 27 Polearms
 O Level 27 Staves
 O Level 27 Slings
 O Level 27 Bows
 O Level 27 Crossbows
 O Level 27 Throwing
 O Level 27 Armour
 O Level 27 Dodging
 O Level 27 Stealth
 O Level 27 Shields
 O Level 27 Unarmed Combat
 O Level 27 Spellcasting
 O Level 27 Conjurations
 O Level 27 Hexes
 O Level 27 Summonings
 O Level 27 Necromancy
 O Level 27 Translocations
 O Level 27 Transmutations
 O Level 27 Fire Magic
 O Level 27 Ice Magic
 O Level 27 Air Magic
 O Level 27 Earth Magic
 O Level 27 Poison Magic
 O Level 27 Invocations
 O Level 27 Evocations


You had 80 spell levels left.
You didn't know any spells.
Your spell library was empty.

Dungeon Overview and Level Annotations

Branches:
Dungeon (1/1)

Altars:
Makhleb


Innate Abilities, Weirdness & Mutations

You are completely covered in rugged brown scales. (AC +3, +7% HP)
You have supernaturally acute eyesight. (SInv)
Armour fits poorly on your strangely shaped body.
You can roll at nearby foes to attack.
You have a long armoured tail.
You curl defensively after being hit.


Message History

You slice the bag of meat!!
You dissect the bag of meat like a pig carcass.
You kill the bag of meat!
Makhleb accepts your kill.
The eight-headed meat hydra calls on the powers of darkness!
The eight-headed meat hydra convulses!
The bag of meat convulses! x14
Your body is wracked with pain!
The tyrant gestures wildly while chanting.
The wretched soul breathes negative energy at you.
The bolt of negative energy hits you!!!!
You feel drained.
* * * LOW HITPOINT WARNING * * *
The eight-headed meat hydra calls on the powers of darkness!
The eight-headed meat hydra convulses!
The bag of meat convulses! x12
The meat berserker convulses!
The bag of meat convulses! x7
Your body is wracked with pain!
* * * LOW HITPOINT WARNING * * *
You hear a shout!
The sphere of damnation explodes!
The damnation engulfs you!!
You die...

.....#..o).#......#.#.
......))_..)...o.oo....D
......)###)...DV.oo#W#.#
..###..)OoOX###.x.o..o..
O...#..X)W2z#))o.o.Woo..
....#....oOO#§XO†oooo...
.........LXo)O)W.ooo....
.........oXxVz2x#oWV#.
..........ooo))#@)..#
......)....X§##)))..#
...#.).o)zVW#VOVV..#....
......))).).#..W###....#
..##.#..)))2W........#..
. .......).M...........
#....#....W####.... ...
.............. .... .##
............... ...#


You could see an accursed, 3 meat beasts, a tyrant, 2 eight-headed meat hydras,
6 destroyers, a sculptor of flesh, 3 large abominations, 6 wretched souls, 2
dreads, 5 meat berserkers, 2 small abominations and 22 bags of meat.

Vanquished Creatures
  Sigmund (D)
  12 hell beasts (D)
  6 royal mummies (D)
  6 wraiths (D)
  Harold (D)
  23 vampire knights (D)
  47 ogres (D)
  4 two-headed ogres (D)
  3 liches (D)
  67 orcs (D)
  A phantom (D)
  8 skeletal warriors (D)
  6 small abominations (D)
  5 large abominations (D)
  15 crawling corpses (D)
205 creatures vanquished.

Vanquished Creatures (others)
  A hydra (D)
  An orc (D)
  6 crawling corpses (D)
8 creatures vanquished.

Grand Total: 213 creatures vanquished

Notes
Turn   | Place    | Note
-------+----------+-------------------------------------------
     0 | D        | Found the +∞ Axe of Woe
     0 | D        | Adamkad1 the Palentonga Gladiator began the quest for the
                  | Orb.
     0 | D        | Reached XP level 1. HP: 18/18 MP: 1/1
     1 | D        | Noticed a bag of meat
     1 | D        | Noticed a meat berserker
     3 | D        | Became a worshipper of Makhleb the Destroyer
     3 | D        | Noticed a bag of meat
     6 | D        | Noticed a bag of meat
     7 | D        | Noticed a bag of meat
     8 | D        | Killed a meat berserker
     8 | D        | Killed a bag of meat
     8 | D        | Reached * piety under Makhleb
     8 | D        | Noticed a bag of meat
     8 | D        | Noticed a meat berserker
     8 | D        | Noticed a bag of meat
     8 | D        | Noticed a bag of meat
     8 | D        | Noticed a bag of meat
     9 | D        | Reached XP level 2. HP: 53/53 MP: 2/2
     9 | D        | Reached XP level 3. HP: 60/60 MP: 3/3
     9 | D        | Reached XP level 4. HP: 68/68 MP: 4/4
     9 | D        | Reached XP level 5. HP: 75/75 MP: 5/5
     9 | D        | Reached XP level 6. HP: 85/85 MP: 6/6
     9 | D        | Gained mutation: You curl defensively after being hit.
                  | [Palentonga growth]
     9 | D        | Reached XP level 7. HP: 92/92 MP: 7/7
     9 | D        | Reached XP level 8. HP: 100/100 MP: 8/8
     9 | D        | Reached XP level 9. HP: 108/108 MP: 9/9
     9 | D        | Reached XP level 10. HP: 115/115 MP: 10/10
     9 | D        | Reached XP level 11. HP: 124/124 MP: 11/11
     9 | D        | Reached XP level 12. HP: 132/132 MP: 12/12
     9 | D        | Reached XP level 13. HP: 139/139 MP: 13/13
     9 | D        | Killed a bag of meat
    10 | D        | Reached skill level 15 in Dodging
    10 | D        | Reached XP level 14. HP: 150/150 MP: 14/14
    10 | D        | Noticed a bag of meat
    10 | D        | Killed a bag of meat
    10 | D        | Noticed a meat berserker
    11 | D        | Noticed a bag of meat
    12 | D        | Killed a bag of meat
    12 | D        | Reached ** piety under Makhleb
    13 | D        | Reached skill level 15 in Throwing
    13 | D        | Reached XP level 15. HP: 93/162 MP: 15/15
    13 | D        | Killed a meat berserker
    13 | D        | Reached *** piety under Makhleb
    14 | D        | Reached skill level 27 in Axes
    14 | D        | Reached XP level 16. HP: 184/184 MP: 16/16
    14 | D        | Noticed a meat berserker
    15 | D        | Killed a meat berserker
    16 | D        | Reached XP level 17. HP: 201/201 MP: 17/17
    16 | D        | Noticed a meat berserker
    16 | D        | Reached **** piety under Makhleb
    17 | D        | Killed a meat berserker
    18 | D        | Reached skill level 27 in Fighting
    18 | D        | Reached XP level 18. HP: 214/214 MP: 18/18
    18 | D        | Noticed a meat berserker
    20 | D        | Noticed a large bag of meat
    20 | D        | Reached ***** piety under Makhleb
    20 | D        | Killed a meat berserker
    21 | D        | Reached skill level 27 in Throwing
    21 | D        | Reached skill level 27 in Dodging
    21 | D        | Reached XP level 19. HP: 221/221 MP: 18/23
    23 | D        | Reached skill level 5 in Invocations
    23 | D        | Killed a meat berserker
    24 | D        | Reached skill level 5 in Polearms
    24 | D        | Reached skill level 5 in Bows
    24 | D        | Reached skill level 5 in Crossbows
    24 | D        | Reached skill level 5 in Armour
    24 | D        | Reached skill level 5 in Shields
    24 | D        | Reached skill level 5 in Spellcasting
    24 | D        | Reached skill level 5 in Conjurations
    24 | D        | Reached skill level 5 in Summonings
    24 | D        | Reached skill level 5 in Fire Magic
    24 | D        | Reached skill level 5 in Ice Magic
    24 | D        | Reached skill level 5 in Air Magic
    24 | D        | Reached skill level 5 in Earth Magic
    24 | D        | Reached skill level 5 in Poison Magic
    24 | D        | Reached skill level 5 in Evocations
    24 | D        | Noticed a large bag of meat
    25 | D        | Reached skill level 5 in Slings
    25 | D        | Reached skill level 5 in Stealth
    25 | D        | Noticed a meat berserker
    26 | D        | Reached XP level 20. HP: 231/231 MP: 18/30
    26 | D        | Killed a large bag of meat
    26 | D        | Reached ****** piety under Makhleb
    27 | D        | Reached skill level 10 in Long Blades
    27 | D        | Reached skill level 10 in Maces & Flails
    27 | D        | Reached skill level 10 in Staves
    27 | D        | Reached skill level 10 in Hexes
    27 | D        | Reached skill level 10 in Necromancy
    27 | D        | Reached skill level 10 in Translocations
    27 | D        | Reached skill level 10 in Transmutations
    27 | D        | Reached skill level 10 in Invocations
    27 | D        | Reached XP level 21. HP: 184/239 MP: 19/34
    28 | D        | Reached skill level 10 in Short Blades
    28 | D        | Reached skill level 10 in Unarmed Combat
    28 | D        | Killed a large bag of meat
    29 | D        | Reached skill level 10 in Polearms
    29 | D        | Reached skill level 10 in Spellcasting
    29 | D        | Reached skill level 10 in Conjurations
    29 | D        | Reached skill level 10 in Earth Magic
    29 | D        | Reached skill level 10 in Evocations
    29 | D        | Noticed The Servant
    29 | D        | Noticed a destroyer
    29 | D        | Noticed a destroyer
    30 | D        | Reached skill level 10 in Bows
    30 | D        | Reached skill level 10 in Crossbows
    30 | D        | Reached skill level 10 in Armour
    30 | D        | Reached skill level 10 in Summonings
    30 | D        | Reached skill level 10 in Fire Magic
    30 | D        | Reached skill level 10 in Poison Magic
    30 | D        | Killed The Servant
    31 | D        | Reached skill level 10 in Slings
    31 | D        | Reached skill level 10 in Stealth
    31 | D        | Reached XP level 22. HP: 249/249 MP: 19/38
    31 | D        | Noticed a destroyer
    31 | D        | Noticed a destroyer
    32 | D        | Killed a destroyer
    33 | D        | Reached skill level 15 in Invocations
    33 | D        | Reached XP level 23. HP: 256/256 MP: 20/40
    33 | D        | Killed a destroyer
    33 | D        | Noticed a destroyer
    34 | D        | Reached skill level 15 in Short Blades
    34 | D        | Reached skill level 15 in Long Blades
    34 | D        | Reached skill level 15 in Maces & Flails
    34 | D        | Reached skill level 15 in Staves
    34 | D        | Reached skill level 15 in Unarmed Combat
    34 | D        | Reached skill level 15 in Hexes
    34 | D        | Reached skill level 15 in Necromancy
    34 | D        | Reached skill level 15 in Translocations
    34 | D        | Reached skill level 15 in Transmutations
    34 | D        | Noticed a large bag of meat
    34 | D        | Noticed a destroyer
    35 | D        | Killed a destroyer
    35 | D        | Killed a destroyer
    36 | D        | Reached skill level 15 in Polearms
    36 | D        | Reached skill level 15 in Spellcasting
    36 | D        | Reached skill level 15 in Earth Magic
    36 | D        | Reached XP level 24. HP: 266/266 MP: 21/42
    37 | D        | Reached skill level 15 in Crossbows
    37 | D        | Reached skill level 15 in Armour
    37 | D        | Reached skill level 15 in Shields
    37 | D        | Reached skill level 15 in Summonings
    37 | D        | Reached skill level 15 in Fire Magic
    37 | D        | Reached skill level 15 in Air Magic
    37 | D        | Reached skill level 15 in Poison Magic
    37 | D        | Killed a destroyer
    38 | D        | Reached skill level 15 in Bows
    38 | D        | Reached skill level 15 in Ice Magic
    38 | D        | Reached XP level 25. HP: 274/274 MP: 21/44
    38 | D        | Noticed a destroyer
    38 | D        | Noticed a destroyer
    38 | D        | Noticed a destroyer
    39 | D        | Reached skill level 15 in Slings
    39 | D        | Reached skill level 15 in Stealth
    39 | D        | Noticed a destroyer
    39 | D        | Killed a destroyer
    40 | D        | Reached XP level 26. HP: 284/284 MP: 22/44
    40 | D        | Killed a destroyer
    41 | D        | Noticed a destroyer
    41 | D        | Killed a destroyer
    42 | D        | Killed a destroyer
    43 | D        | Reached XP level 27. HP: 292/292 MP: 22/46
    46 | D        | Noticed an accursed
    46 | D        | Killed a destroyer
    47 | D        | Noticed a destroyer
    48 | D        | Killed an accursed
    49 | D        | Killed a large bag of meat
    49 | D        | Noticed an accursed
    49 | D        | Noticed a tyrant
    52 | D        | Noticed an accursed
    52 | D        | Killed an accursed
    52 | D        | Killed a destroyer
    55 | D        | Killed a tyrant
    56 | D        | Killed an accursed
    56 | D        | Noticed an accursed
    57 | D        | Reached skill level 27 in Invocations
    57 | D        | Noticed an accursed
    57 | D        | Noticed a large bag of meat
    58 | D        | Killed an accursed
    58 | D        | Noticed a tyrant
    59 | D        | Noticed The Captor
    60 | D        | Noticed a meat beast
    60 | D        | Noticed a meat beast
    60 | D        | Noticed a meat beast
    61 | D        | Killed an accursed
    61 | D        | Noticed a destroyer
    62 | D        | Reached skill level 27 in Short Blades
    62 | D        | Reached skill level 27 in Long Blades
    62 | D        | Reached skill level 27 in Maces & Flails
    62 | D        | Reached skill level 27 in Staves
    62 | D        | Reached skill level 27 in Unarmed Combat
    62 | D        | Reached skill level 27 in Hexes
    62 | D        | Reached skill level 27 in Necromancy
    62 | D        | Reached skill level 27 in Translocations
    62 | D        | Reached skill level 27 in Transmutations
    62 | D        | Killed a large bag of meat
    62 | D        | Noticed a destroyer
    63 | D        | Noticed a destroyer
    63 | D        | Killed a meat beast
    63 | D        | Killed a tyrant
    63 | D        | Noticed an accursed
    63 | D        | Noticed a destroyer
    63 | D        | Noticed a dread
    64 | D        | Reached skill level 27 in Polearms
    64 | D        | Reached skill level 27 in Spellcasting
    64 | D        | Reached skill level 27 in Conjurations
    64 | D        | Reached skill level 27 in Earth Magic
    64 | D        | Reached skill level 27 in Evocations
    64 | D        | Noticed a dread
    64 | D        | Killed a destroyer
    64 | D        | Killed a meat beast
    64 | D        | Killed a destroyer
    64 | D        | Noticed a destroyer
    65 | D        | Reached skill level 27 in Slings
    65 | D        | Reached skill level 27 in Bows
    65 | D        | Reached skill level 27 in Crossbows
    65 | D        | Reached skill level 27 in Armour
    65 | D        | Reached skill level 27 in Stealth
    65 | D        | Reached skill level 27 in Shields
    65 | D        | Reached skill level 27 in Summonings
    65 | D        | Reached skill level 27 in Fire Magic
    65 | D        | Reached skill level 27 in Ice Magic
    65 | D        | Reached skill level 27 in Air Magic
    65 | D        | Reached skill level 27 in Poison Magic
    65 | D        | Killed a destroyer
    65 | D        | Killed a meat beast
    66 | D        | Killed a destroyer
    66 | D        | Noticed a meat beast
    66 | D        | Noticed a meat beast
    66 | D        | Noticed a destroyer
    68 | D        | Noticed a destroyer
    68 | D        | Killed The Captor
    68 | D        | Noticed a destroyer
    68 | D        | Noticed a destroyer
    69 | D        | Noticed a meat beast
    69 | D        | Killed a dread
    69 | D        | Noticed a tyrant
    69 | D        | Noticed a destroyer
    69 | D        | Noticed a dread
    70 | D        | Noticed a dread
    70 | D        | Noticed a destroyer
    70 | D        | Killed a destroyer
    71 | D        | Killed a meat beast
    71 | D        | HP: 8/292 [meat berserker/+9 battleaxe (67)]
    72 | D        | Killed a meat beast
    72 | D        | Noticed a dread
    73 | D        | Noticed a destroyer
    73 | D        | Killed a dread
    73 | D        | Killed a meat beast
    73 | D        | Noticed a meat beast
    73 | D        | Noticed a meat beast
    74 | D        | Noticed a meat beast
    75 | D        | Killed a dread
    75 | D        | Noticed an accursed
    76 | D        | Noticed a destroyer
    76 | D        | Killed a destroyer
    76 | D        | Noticed a destroyer
    77 | D        | Killed a meat beast
    77 | D        | Noticed a dread
    78 | D        | Killed a meat beast
    79 | D        | Killed a destroyer
    80 | D        | Killed a meat beast
    80 | D        | Killed an accursed
    80 | D        | Noticed a meat beast
    80 | D        | Noticed a meat beast
    81 | D        | Noticed a dread
    81 | D        | Noticed a meat beast
    82 | D        | Noticed a destroyer
    83 | D        | Noticed a meat beast
    84 | D        | Killed a destroyer
    84 | D        | Killed a dread
    84 | D        | Killed a tyrant
    84 | D        | Noticed an accursed
    85 | D        | Killed a destroyer
    85 | D        | Noticed a meat beast
    86 | D        | Killed a dread
    86 | D        | Killed a destroyer
    87 | D        | Killed a dread
    87 | D        | Noticed a destroyer
    87 | D        | Noticed a destroyer
    87 | D        | Noticed an accursed
    88 | D        | Killed a meat beast
    88 | D        | Killed a destroyer
    88 | D        | Noticed a dread
    88 | D        | Noticed a tyrant
    89 | D        | Killed a meat beast
    89 | D        | Killed a meat beast
    89 | D        | Noticed a meat beast
    90 | D        | Noticed an accursed
    90 | D        | Killed a destroyer
    90 | D        | Killed from afar by a dread

Illustrated notes

Levels and vault maps discovered:
D:        meatsprint

Skill      XL: |  1  2  3  4  5  6  7  8  9 10 11 12 13 14 15 16 17 18 19 20 21 22 23 24 25 26 27 |
---------------+----------------------------------------------------------------------------------+-----
Fighting       | 16 17 19 23 25 27 | 27.0
Axes           | 22 23 25 27 | 27.0
Throwing       | 13 14 15 18 21 23 27 | 27.0
Dodging        | 14 15 16 20 22 25 27 | 27.0
Short Blades   | 3 8 9 13 14 17 18 19 20 27 | 27.0
Long Blades    | 3 8 10 12 14 16 18 19 20 27 | 27.0
Maces & Flails | 3 8 10 13 14 16 18 19 20 27 | 27.0
Polearms       | 3 7 9 12 13 15 17 19 27 | 27.0
Staves         | 3 8 10 13 14 17 18 19 20 27 | 27.0
Slings         | 2 6 7 10 11 13 14 15 16 27 | 27.0
Bows           | 2 6 8 11 12 14 15 16 17 27 | 27.0
Crossbows      | 2 6 8 11 12 14 16 18 27 | 27.0
Armour         | 2 6 8 11 12 14 16 18 27 | 27.0
Stealth        | 2 6 7 10 11 13 14 15 16 27 | 27.0
Shields        | 2 6 8 11 12 14 15 16 17 27 | 27.0
Unarmed Combat | 3 8 9 13 14 17 18 19 20 27 | 27.0
Spellcasting   | 3 7 9 12 13 15 17 19 27 | 27.0
Conjurations   | 3 7 9 12 13 16 17 18 19 27 | 27.0
Hexes          | 3 8 10 13 14 17 18 19 20 27 | 27.0
Summonings     | 2 6 8 11 12 14 16 18 27 | 27.0
Necromancy     | 3 8 10 13 14 17 18 19 20 27 | 27.0
Translocations | 3 8 10 13 14 17 18 19 20 27 | 27.0
Transmutations | 3 8 10 13 14 17 18 19 20 27 | 27.0
Fire Magic     | 2 6 8 11 12 14 15 16 18 27 | 27.0
Ice Magic      | 2 6 8 11 12 14 15 16 18 27 | 27.0
Air Magic      | 2 6 8 11 12 14 15 16 18 27 | 27.0
Earth Magic    | 3 7 9 12 13 15 17 18 19 27 | 27.0
Poison Magic   | 2 6 8 11 12 14 16 18 27 | 27.0
Invocations    | 3 8 10 14 15 18 19 20 22 27 | 27.0
Evocations     | 3 7 9 12 13 16 17 18 19 27 | 27.0

Action                   |  1- 3 |  4- 6 |  7- 9 | 10-12 | 13-15 | 16-18 | 19-21 | 22-24 | 25-27 || total
-------------------------+-------+-------+-------+-------+-------+-------+-------+-------+-------++-------
Melee: Executioner's axe |     1 |       |       |       |     4 |     6 |     9 |     7 |    51 ||    78
 Abil: Rolling Charge    |       |       |       |       |       |     3 |     5 |     4 |    11 ||    23
Armor: Leather armour    |       |       |       |       |       |       |       |       |     6 ||     6
Dodge: Dodged            |       |       |       |       |       |       |       |       |     6 ||     6

Table legend: (Time is in decaauts)
 A = Elapsed time spent in this place.
 B = Non-inter-level travel time spent in this place.
 C = Inter-level travel time spent in this place.
 D = Time resting spent in this place.
 E = Time spent auto-exploring this place.
 F = Levels seen in this place.
 G = Mean time per level.
                   A        B        C        D        E       F      G
               +--------+--------+--------+--------+--------+-----+--------+
         Total |     81 |     81 |      0 |      0 |      0 |   1 |   81.0 |
       Dungeon |     81 |     81 |      0 |      0 |      0 |   1 |   81.0 |
               +--------+--------+--------+--------+--------+-----+--------+

Top non-repeatable levels by time:
       D: 81 daAuts
